 Dungeon Crawl Stone Soup version 0.19.0-2-gae57169 (webtiles) character file.

382 jacquesderrida the Caller (level 6, 19/41 HPs)
             Began as a Demonspawn Summoner on Nov 6, 2016.
             Was a Follower of Ashenzari.
             Quit the game on level 5 of the Dungeon.
             The game lasted 00:15:43 (2774 turns).

jacquesderrida the Caller (Demonspawn Summoner)     Turns: 2774, Time: 00:15:43

Health: 19/41      AC:  7    Str:  8    XL:     6   Next: 47%
Magic:  5/9        EV: 12    Int: 17    God:    Ashenzari [*.....]
Gold:   157        SH:  0    Dex: 15    Spells: 4 memorised, 0 levels left

rFire  + . .     SeeInvis .     k - +4 morningstar (freeze) (curse)
rCold  + . .     Gourm    .     f - +2 robe {rC+ rF+}
rNeg   . . .     Faith    .     (no shield)
rPois  .         Spirit   +     u - +1 helmet
rElec  .         Reflect  .     j - +0 cloak
rCorr  .         Harm     .     (no gloves)
MR     +....                    (no boots)
Stlth  ++........               (no amulet)
                                (no ring)
                                e - ring of protection from magic

@: no status effects
A: talons 1, magic shield
a: Curse Item, Scrying, Renounce Religion


You were on level 5 of the Dungeon.
You worshipped Ashenzari.
Ashenzari was aware of your devotion.
You were not hungry.

You visited 2 branches of the dungeon, and saw 7 of its levels.

You collected 157 gold pieces.

Inventory:

Hand Weapons
 k - a cursed +4 morningstar of freezing (weapon)
 v - a +3 flail of protection
Missiles
 w - 2 throwing nets (quivered)
Armour
 a - a +0 robe
 f - a +2 robe of resistance (worn)
 j - a +0 cloak (worn)
 u - a +1 helmet (worn)
Jewellery
 e - a ring of protection from magic (left hand)
Wands
 y - a wand of disintegration (22/24)
Scrolls
 h - a scroll of recharging
 i - 4 scrolls of remove curse
 m - a scroll of enchant weapon
 r - 2 scrolls of enchant armour
Potions
 d - 2 potions of brilliance
 l - 4 potions of curing
 n - a potion of ambrosia {unknown}
 o - a potion of flight
 q - 2 potions of heal wounds
 s - 2 potions of agility
 t - a potion of invisibility {unknown}
 x - a potion of magic {unknown}
 z - a potion of mutation
 A - a potion of resistance
Books
 b - a book of Callings

   Spells                             Type                      Level
   a - Summon Small Mammal            Summoning                    1
   b - Call Imp                       Summoning                    2
   c - Call Canine Familiar           Summoning                    3
   d - Summon Guardian Golem          Hexes/Summoning              3
   e - Summon Lightning Spire         Summoning/Air                4
   f - Summon Ice Beast               Ice/Summoning                4
Comestibles
 c - 5 bread rations
 g - 6 chunks of flesh
 p - 2 fruits


   Skills:
 - Level 1.7 Dodging
 - Level 1.7 Stealth
 + Level 2.2 Spellcasting
 + Level 7.8 Summonings


You couldn't memorise any spells.
You knew the following spells:

 Your Spells              Type           Power        Failure   Level  Hunger
a - Summon Small Mammal   Summ           ####         1%          1    #......
b - Call Imp              Summ           ####....     1%          2    ###....
c - Call Canine Familiar  Summ           ####....     2%          3    ###....
d - Summon Guardian Gole  Hex/Summ       ###.....     14%         3    ###....


Dungeon Overview and Level Annotations

Branches:
Dungeon (6/15)             Temple (1/1) D:4

Altars:
Ashenzari
Fedhas
Makhleb
Qazlal
Ru
Sif Muna

Annotations:
D:5 Pikel
D:6 Menkaure


Innate Abilities, Weirdness & Mutations

You have sharp toenails.
When hurt, damage is shared between your health and your magic reserves.


Message History

t - a bubbling white potion
Found 2 potions of curing.
l - 4 potions of curing (gained 2)
There are no items here.
An orc comes into view.
The orc throws a stone.
The stone barely misses you. The stone closely misses your hound.
The orc throws a stone.
The stone hits you. The orc closely misses your hound.
An orc priest and a slave come into view.
You see here a stone.
A centaur comes into view.
The centaur wields a shortbow.
The centaur shoots an arrow.
The arrow barely misses your hound.
The centaur shoots an arrow.
The arrow hits you! The orc barely misses your hound.
The centaur shoots an arrow.
The arrow hits you!
You see here 2 arrows.
The centaur unwields an uncursed shortbow.
The centaur closely misses you.
Are you sure you want to abandon this character and quit the game? (Confirm with "yes".)

.# #.K.#...........#
#....##..##. .#
###.####..o.....###.#####....<
.. #.# #.(.(K.####.....####.#..
#.## #.#
#..........o.........#.. #..#
#.# #....p(####.<[..######..
##.###.# #####o#####.....# #..
.....#.# #...........#######.
##.#.#.## #.(h........(((..((.
#......######..@c......#########
###...............###.#.....#
###...............# #.#.....#
.....#.#..........#
#.#...#######
####.#.#.#######.##
#.#..)..._#1# ...#.....# #.#
#.#...####### .......### #.#
#.##### ...##.># ..# #. .....#.#
#..


You could see a slave, a centaur, an orc priest, an orc and a friendly hound.

Vanquished Creatures
  Blork the orc (D:6)
  2 wights (D:5)
  A howler monkey (D:5)
  A gnoll (D:4)
  A bat (D:3)
  3 giant cockroaches
  A goblin (D:3)
  A rat (D:3)
11 creatures vanquished.

Vanquished Creatures (collateral kills)
  A slave (D:5)
  A bullfrog (D:6)
  2 wights (D:5)
  A howler monkey (D:4)
  An iguana (D:4)
  An orc wizard (D:5)
  A worker ant (D:5)
  4 adders
  3 gnolls (D:3)
  An ooze (D:2)
  A dart slug (D:2)
  2 worms (D:3)
  A leopard gecko (D:2)
  9 orcs
  A ball python (D:3)
  2 giant cockroaches
  2 goblins
  4 hobgoblins
  3 jackals (D:2)
  2 quokkas
  3 bats
  3 frilled lizards
  7 kobolds
  3 rats
59 creatures vanquished.

Grand Total: 70 creatures vanquished

Notes
Turn   | Place    | Note
-------+----------+-------------------------------------------
     0 | D:1      | jacquesderrida the Demonspawn Summoner began the quest for the Orb.
     0 | D:1      | Reached XP level 1. HP: 13/13 MP: 3/3
   328 | D:2      | Gained mutation: When hurt, damage is shared between your health and your magic reserves. [demonic ancestry]
   328 | D:2      | Reached XP level 2. HP: 17/19 MP: 1/5
   408 | D:2      | Learned a level 2 spell: Call Imp
   689 | D:3      | Reached skill level 5 in Summonings
   722 | D:2      | Reached XP level 3. HP: 10/24 MP: 1/6
   751 | D:3      | Learned a level 3 spell: Call Canine Familiar
   941 | D:4      | Found a staircase to the Ecumenical Temple.
  1085 | Temple   | Entered the Ecumenical Temple
  1099 | Temple   | Became a worshipper of Ashenzari the Shackled
  1187 | D:4      | Reached XP level 4. HP: 30/30 MP: 2/7
  1445 | D:3      | Reached skill level 6 in Summonings
  1550 | D:5      | Entered Level 5 of the Dungeon
  1952 | D:5      | Gained mutation: You have sharp toenails. [demonic ancestry]
  1952 | D:5      | Reached XP level 5. HP: 29/35 MP: 0/8
  2195 | D:5      | Reached skill level 7 in Summonings
  2211 | D:5      | Found a burning altar of Makhleb.
  2212 | D:5      | Noticed an Executioner
  2310 | D:4      | HP: 1/35 [giant cockroach (1)]
  2483 | D:6      | Noticed Blork the orc
  2494 | D:6      | Killed Blork the orc
  2494 | D:6      | Reached XP level 6. HP: 15/41 MP: 1/9
  2532 | D:6      | Learned a level 3 spell: Summon Guardian Golem
  2540 | D:6      | Noticed a water moccasin
  2586 | D:5      | Reached * piety under Ashenzari
  2657 | D:5      | Noticed a slave
  2695 | D:5      | Killed a slave
  2722 | D:6      | Found a stormy altar of Qazlal.
  2723 | D:6      | Noticed an orc warrior
  2725 | D:6      | Noticed Menkaure
  2737 | D:5      | Noticed a slave
  2738 | D:5      | Noticed Pikel
  2770 | D:5      | Noticed a slave
  2774 | D:5      | Quit the game

Skill      XL: |  1  2  3  4  5 |
---------------+----------------+-----
Summonings     | 5 6 7 |  7.8
Dodging        | |  1.7
Stealth        | |  1.7
Spellcasting   | |  2.2

Action                   |  1- 3 |  4- 6 || total
-------------------------+-------+-------++-------
Melee: Unarmed           |     4 |       ||     4
       Whip              |     8 |    23 ||    31
       Flail             |       |    12 ||    12
       Morningstar       |       |    21 ||    21
       Kick              |       |     4 ||     4
 Cast: Summon Small Mamm |    25 |       ||    25
       Call Imp          |    14 |    12 ||    26
       Call Canine Famil |     5 |    22 ||    27
Invok: Curse Item        |       |     1 ||     1
Evoke: Wand              |       |     1 ||     1
  Use: Scroll            |       |     7 ||     7
       Potion            |       |     6 ||     6
 Stab: Sleeping          |       |     1 ||     1
       Distracted        |       |     1 ||     1
  Eat: Beef jerky        |     1 |       ||     1
       Chunk             |       |     9 ||     9
       Fruit             |       |     1 ||     1
Armor: Robe              |    12 |    41 ||    53
Dodge: Dodged            |    32 |    80 ||   112
